 Dungeon Crawl Stone Soup version 0.21.1-1-g345015fe64 (webtiles) character file.

1163 Goboxel the Chopper (level 8, 0/62 HPs)
             Began as a Human Fighter on July 5, 2018.
             Was a Follower of the Shining One.
             Slain by an ogre
             ... wielding a +0 giant spiked club
              (13 damage)
             ... on level 5 of the Dungeon.
             The game lasted 00:08:17 (5666 turns).

Goboxel the Chopper (Human Fighter)                 Turns: 5666, Time: 00:08:17

Health: 0/62       AC: 10    Str: 19    XL:     8   Next: 67%
Magic:  8/8        EV:  8    Int:  8    God:    the Shining One [*.....]
Gold:   252        SH: 10    Dex: 13    Spells: 7/7 levels left

rFire    . . .     SeeInvis .   a - +1 war axe
rCold    . . .     Gourm    .   c - +0 shield
rNeg     . . .     Faith    .   w - +1 chain mail {rPois}
rPois    +         Spirit   .   (no helmet)
rElec    .         Reflect  .   (no cloak)
rCorr    .         Harm     .   (no gloves)
MR       .....                  (no boots)
Stlth    ..........             (no amulet)
HPRegen  0.20/turn              k - +3 ring of evasion
MPRegen  0.11/turn              (no ring)

@: glowing
A: no striking features
a: Renounce Religion


You were on level 5 of the Dungeon.
You worshipped the Shining One.
The Shining One was aware of your devotion.
You were not hungry.

You visited 1 branch of the dungeon, and saw 5 of its levels.

You collected 252 gold pieces.

Inventory:

Hand Weapons
 a - a +1 war axe (weapon)
Armour
 c - a +0 shield (worn)
 w - a +1 chain mail of poison resistance (worn)
Jewellery
 k - a +3 ring of evasion (left hand)
Scrolls
 e - a scroll of enchant weapon
 g - a scroll of teleportation
 h - a scroll of magic mapping
 i - 2 scrolls of identify
 j - 2 scrolls of enchant armour
 s - a scroll of amnesia
 t - a scroll of remove curse
Potions
 d - a potion of curing {unknown}
 l - a potion of agility
 m - a potion of heal wounds {unknown}
 u - a potion of magic
 v - 3 potions of lignification
Comestibles
 f - 6 rations


   Skills:
 + Level 5.3 Fighting
 + Level 6.2 Axes
 + Level 5.3 Armour
 + Level 5.3 Shields


You had 7 spell levels left.
You didn't know any spells.

Dungeon Overview and Level Annotations

Branches:
Dungeon (5/15)
 Temple: D:4-7

Altars:
Okawaru
Ru
Vehumet
Xom
The Shining One


Message History

The worker ant bites you but does no damage.
The ogre barely misses you.
Unknown command.
Unknown command.
You hit the worker ant.
You kill the worker ant!
Unknown command.
You hit the ogre.
The ogre is moderately wounded.
You block the ogre's attack.
Unknown command.
You slash the ogre!
The ogre is severely wounded.
The ogre hits you with a giant spiked club.
* * * LOW HITPOINT WARNING * * *
Unknown command.
You hit the ogre.
The ogre is almost dead.
The ogre hits you with a giant spiked club!
You die...

########## ###
#......... ..#
#######.######## #.#
## #.......# #.# ##.
#.#####@# ####.###.#
######## #.# #O#
........##
.......###.#
#.......####.##..#
...###.....#
..##########....#.
##.# #######
...##.......†..####
##.#
...(..............#.
..#.
.....########.####.#.
##.## #.....# #.# ...
# ###.### #.#######


You could see an ogre.

Vanquished Creatures
  Grinder (D:3)
  The ghost of Linguinho the Chopper, an amateur MiBe of Trog (D:3)
  3 ogres (D:4)
  A gnoll sergeant (D:4)
  A water moccasin skeleton (D:4)
  A crimson imp (D:5)
  A hound (D:5)
  An orc priest (D:5)
  2 orc wizards (D:4)
  7 worker ants
  A worker ant zombie (D:5)
  5 gnolls (D:5)
  5 adders
  An ooze (D:4)
  3 worms
  2 dart slugs
  4 leopard geckos
  11 orcs
  10 bats
  6 giant cockroaches
  4 goblins
  4 hobgoblins
  13 jackals
  2 quokkas
  4 frilled lizards
  3 kobolds
  4 rats
101 creatures vanquished.

Vanquished Creatures (others)
  A worm (D:4)
1 creature vanquished.

Grand Total: 102 creatures vanquished

Notes
Turn   | Place    | Note
-------+----------+-------------------------------------------
     0 | D:1      | Goboxel the Human Fighter began the quest for the Orb.
     0 | D:1      | Reached XP level 1. HP: 18/18 MP: 1/1
   347 | D:1      | Reached XP level 2. HP: 21/24 MP: 2/2
   745 | D:1      | Reached XP level 3. HP: 28/29 MP: 3/3
  1473 | D:2      | Reached skill level 3 in Axes
  1479 | D:2      | Reached XP level 4. HP: 16/35 MP: 4/4
  1585 | D:2      | Found a glowing golden altar of the Shining One.
  1592 | D:2      | Became a worshipper of the Shining One
  2454 | D:3      | Noticed Linguinho's ghost (amateur MiBe)
  2463 | D:3      | Killed Linguinho's ghost
  2463 | D:3      | Reached XP level 5. HP: 42/42 MP: 5/5
  2847 | D:3      | Noticed Grinder
  2870 | D:3      | Killed Grinder
  2870 | D:3      | Reached skill level 4 in Axes
  2870 | D:3      | Reached XP level 6. HP: 44/48 MP: 6/6
  3006 | D:4      | Reached XP level 7. HP: 37/54 MP: 7/7
  3315 | D:4      | Found an iron altar of Okawaru.
  3500 | D:4      | Reached * piety under the Shining One
  3505 | D:4      | Reached skill level 5 in Axes
  3539 | D:4      | Found a radiant altar of Vehumet.
  4384 | D:4      | Reached XP level 8. HP: 41/61 MP: 8/8
  4808 | D:5      | Entered Level 5 of the Dungeon
  4822 | D:5      | Found a shimmering altar of Xom.
  4823 | D:5      | Found a shimmering altar of Xom.
  4824 | D:5      | Found a shimmering altar of Xom.
  4824 | D:5      | Found a shimmering altar of Xom.
  4829 | D:5      | Found a shimmering altar of Xom.
  4855 | D:5      | Found a shimmering altar of Xom.
  4855 | D:5      | Found a shimmering altar of Xom.
  5003 | D:5      | Reached skill level 6 in Axes
  5007 | D:5      | Reached skill level 5 in Shields
  5169 | D:4      | The Shining One protects you from harm!
  5172 | D:4      | Reached skill level 5 in Fighting
  5172 | D:4      | Reached skill level 5 in Armour
  5512 | D:5      | Found a sacrificial altar of Ru.
  5666 | D:5      | Slain by an ogre

Skill      XL: |  1  2  3  4  5  6  7  8 |
---------------+-------------------------+-----
Axes           | 3 4 5 6 |  6.2
Fighting       | 4 5 |  5.3
Armour         | 4 5 |  5.3
Shields        | 4 5 |  5.3

Action                   |  1- 3 |  4- 6 |  7- 9 || total
-------------------------+-------+-------+-------++-------
Melee: War axe           |    98 |    92 |   188 ||   378
  Use: Potion            |       |     2 |     1 ||     3
       Scroll            |       |       |    16 ||    16
  Eat: Chunk             |       |     3 |     6 ||     9
       Ration            |       |     1 |     1 ||     2
Armor: Scale mail        |    79 |    35 |    29 ||   143
       Chain mail        |       |       |    54 ||    54
Dodge: Dodged            |    41 |    29 |    61 ||   131
Block: Shield            |    73 |    43 |    95 ||   211
